 Dungeon Crawl Stone Soup version 0.20-a0-967-g62cfa5d (webtiles) character file.

758 Hybris the Caller (level 7, 0/46 HPs)
             Began as a Vampire Summoner on Apr 7, 2017.
             Killed from afar by an electric eel (10 damage)
             ... with a bolt of electricity
             ... on level 6 of the Dungeon.
             The game lasted 00:27:22 (12683 turns).

Hybris the Caller (Vampire Summoner)               Turns: 12683, Time: 00:27:23

Health: 0/46       AC:  3    Str:  9    XL:     7   Next: 50%
Magic:  9/13       EV: 13    Int: 22    God:
Gold:   382        SH:  0    Dex: 14    Spells: 1/15 levels left

rFire    x . .     SeeInvis +   x - +1 long sword
rCold    + + .     Gourm    .   (no shield)
rNeg     + + +     Faith    .   a - +0 robe
rPois    ∞         Spirit   .   (no helmet)
rElec    .         Reflect  .   j - +0 cloak "Kuysidos" {rF- Int+2 Slay+5}
rCorr    .         Harm     .   (no gloves)
MR       .....                  (no boots)
Stlth    ++++......             (no amulet)
Regen    0.0/turn               c - +2 ring of strength
MPRegen  0.2/turn               (no ring)

@: bloodless, non-regenerating
A: fangs 3, see invisible, unbreathing
a: Bat Form


You were on level 6 of the Dungeon.
You were bloodless.

You visited 1 branch of the dungeon, and saw 5 of its levels.
You also visited: Ossuary.

You collected 738 gold pieces.
You spent 356 gold pieces at shops.

Inventory:

Hand Weapons
 x - a +1 long sword (weapon)
Missiles
 s - 137 stones (quivered)
Armour
 a - a +0 robe (worn)
 j - the +0 cloak "Kuysidos" (worn) {rF- Int+2 Slay+5}
   (You bought it in a shop on level 6 of the Dungeon)

   It affects your intelligence (+2).
   It affects your accuracy and damage with ranged weapons and melee attacks
   (+5).
   It makes you vulnerable to fire.
 r - a +0 scale mail of poison resistance
Jewellery
 c - a +2 ring of strength (left hand)
Wands
 n - a wand of lightning (4/15)
Scrolls
 d - a scroll of remove curse
 e - a scroll of random uselessness {unknown}
 h - 2 scrolls of teleportation
 i - a scroll of amnesia
 l - 6 scrolls of identify
Potions
 f - a potion of brilliance
 g - 3 potions of haste
 k - a potion of curing
 m - a potion of invisibility {unknown}
 o - 24 potions of blood
 p - a potion of lignification {unknown}
 q - 2 potions of magic {unknown}
 t - a potion of resistance {unknown}
Books
 b - a book of Callings

   Spells                             Type                      Level
   a - Summon Small Mammal            Summoning                    1
   b - Call Imp                       Summoning                    2
   c - Call Canine Familiar           Summoning                    3
   d - Summon Guardian Golem          Hexes/Summoning              3
   e - Summon Lightning Spire         Summoning/Air                4
   f - Summon Ice Beast               Ice/Summoning                4


   Skills:
 + Level 3.5 Dodging
 - Level 3.0 Stealth
 - Level 4.6 Spellcasting
 * Level 7.6 Summonings


You had one spell level left.
You knew the following spells:

 Your Spells              Type           Power        Failure   Level  Hunger
a - Summon Small Mammal   Summ           ####         1%          1    None
b - Call Imp              Summ           #####...     1%          2    None
c - Call Canine Familiar  Summ           #####...     1%          3    ##.....
d - Summon Lightning Spi  Summ/Air       ###.....     28%         4    ####...
e - Summon Ice Beast      Ice/Summ       ###.....     28%         4    ####...


Dungeon Overview and Level Annotations

Branches:
Dungeon (6/15)
 Temple: D:4-7

Altars:

Shops:
D:6 [


Innate Abilities, Weirdness & Mutations

You do not heal naturally.
You are immune to poison.
You have razor-sharp teeth.
You have supernaturally acute eyesight. (SInv)
You can survive without breathing.


Message History

The electric eel shoots out a bolt of lightning at you!
The bolt of electricity misses you.
The electric eel shoots out a bolt of lightning at you!
The bolt of electricity misses you. What are your orders? t - Shout!
Orders for allies: a - Attack new target. r - Retreat! s - Stop attacking. g - Guard the area. f - Follow me.
Anything else - Cancel.
Gang up on whom?
Press: ? - help, Dir - move target cursor, f - electric eel
Aim: an electric eel Attack!
The electric eel shoots out a bolt of lightning at you!
The bolt of electricity hits you!
* * * LOW HITPOINT WARNING * * *
The electric eel shoots out a bolt of lightning at you!
The bolt of electricity hits you!
You die...

≈≈≈≈≈≈≈≈≈≈≈≈≈≈≈#####≈≈≈≈≈≈≈≈≈#
≈≈≈≈≈≈≈≈≈≈≈≈≈≈≈≈≈≈≈≈≈≈≈≈≈≈≈≈≈#
≈≈≈≈≈≈≈≈≈≈≈≈≈≈≈≈≈≈≈≈≈≈≈≈≈≈≈≈≈#
...≈≈≈.≈≈≈.≈≈≈≈≈≈.Y≈;.≈≈≈≈≈..#
.............................#
.............................#
........#.#######.##.###.#####
###.......# #.........#
>.......### ##@#########
.#........# #..#
..........#####.##
................#
..<.........#####
............# ............#
............## ...####......#


You could see an electric eel and a friendly ice beast.

Vanquished Creatures
  A human zombie (Ossuary)
  2 worker ants (D:6)
  A gnoll (D:6)
  2 dart slugs (D:1)
  A giant cockroach (D:1)
  5 hobgoblins
  A ball python skeleton (D:4)
  A bat (D:1)
  2 frilled lizards (D:1)
  7 goblins
  2 goblin zombies
  3 kobolds
  4 rats (D:1)
32 creatures vanquished.

Vanquished Creatures (collateral kills)
  Sigmund (D:4)
  An ice beast (D:5)
  A phantom (D:4)
  A big kobold (D:6)
  A bullfrog (D:5)
  A scorpion (D:6)
  A centaur zombie (D:5)
  2 human zombies (Ossuary)
  A jelly (D:5)
  A hound (D:4)
  2 orc priests (D:5)
  An iguana (D:4)
  5 worker ants
  5 big kobold zombies (Ossuary)
  A hound zombie (D:5)
  2 mummies (Ossuary)
  A worker ant zombie (D:6)
  4 adders
  8 gnolls (D:6)
  A shadow imp (D:6)
  2 oozes
  2 adder zombies
  A leopard gecko (D:4)
  7 orcs
  A bat (D:1)
  4 giant cockroaches
  2 gnoll zombies (Ossuary)
  19 goblins
  12 hobgoblins (D:6)
  2 frilled lizards
  A goblin zombie (Ossuary)
  A hobgoblin zombie (Ossuary)
  A jackal skeleton (D:4)
  3 kobolds (D:6)
  An orc zombie (Ossuary)
100 creatures vanquished.

Vanquished Creatures (others)
  5 fungi (D:6)
5 creatures vanquished.

Grand Total: 137 creatures vanquished

Notes
Turn   | Place    | Note
-------+----------+-------------------------------------------
     0 | D:1      | Hybris the Vampire Summoner began the quest for the Orb.
     0 | D:1      | Reached XP level 1. HP: 13/13 MP: 3/3
   855 | D:1      | Reached XP level 2. HP: 9/19 MP: 5/5
  1022 | D:1      | Learned a level 2 spell: Call Imp
  2210 | D:2      | You fall through a shaft for 2 floors!
  2325 | D:4      | Reached XP level 3. HP: 7/24 MP: 1/7
  2741 | D:4      | Found a sand-covered staircase.
  2756 | Ossuary  | Entered an ossuary
  2880 | Ossuary  | Learned a level 3 spell: Call Canine Familiar
  3057 | Ossuary  | Reached XP level 4. HP: 18/30 MP: 1/8
  3061 | Ossuary  | Reached skill level 5 in Summonings
  3467 | Ossuary  | Reached XP level 5. HP: 7/35 MP: 2/10
  5073 | D:4      | Noticed a phantom
  5108 | D:4      | Killed a phantom
  5327 | D:4      | Reached XP level 6. HP: 20/41 MP: 2/12
  5580 | D:4      | Noticed Sigmund
  5610 | D:4      | Killed Sigmund
  5610 | D:4      | Reached skill level 6 in Summonings
  6130 | D:4      | Learned a level 4 spell: Summon Lightning Spire
  6135 | D:4      | Learned a level 4 spell: Summon Ice Beast
  6168 | D:5      | Entered Level 5 of the Dungeon
  6187 | D:5      | Noticed an ice beast
  6199 | D:5      | Killed an ice beast
  7959 | D:5      | Reached XP level 7. HP: 10/46 MP: 7/13
  8890 | D:6      | Reached skill level 7 in Summonings
  9611 | D:6      | Found Unkoseij's Armour Boutique.
  9626 | D:6      | Bought the +0 cloak "Kuysidos" {rF- Int+2 Slay+5} for 356 gold pieces
 11061 | D:6      | HP: 1/46 [gnoll/spear (11)]
 12683 | D:6      | Killed from afar by an electric eel

Vault maps used:
D:1:      lightli_arrival_statue_moat
D:2:      gammafunk_temple_overflow_elements, first_bread, kennysheep_cross_room
D:4:      enter_ossuary_3, uniq_sigmund
D:5:      kennysheep_dice
D:6:      minmay_goblin_kobold_castle, serial_aquarium,
          aquarium_bridge_long_joined, aquarium_bridge_square,
          aquarium_window_fake, aquarium_window_fake, aquarium_view_2e,
          serial_shops, shop_coins
Ossuary:  minmay_ossuary_gauntlet

Skill      XL: |  1  2  3  4  5  6  7 |
---------------+----------------------+-----
Spellcasting   | 3 4 |  4.6
Summonings     | 5 6 7 |  7.6
Dodging        | 3 |  3.5
Stealth        | |  3.0

Action                   |  1- 3 |  4- 6 |  7- 9 || total
-------------------------+-------+-------+-------++-------
Melee: Whip              |    94 |    55 |       ||   149
       Bite              |     4 |     4 |     2 ||    10
       Long sword        |       |       |    15 ||    15
 Cast: Summon Small Mamm |    10 |     7 |       ||    17
       Call Imp          |    12 |    21 |     1 ||    34
       Call Canine Famil |     3 |    22 |    10 ||    35
       Summon Lightning  |       |     1 |    10 ||    11
       Summon Ice Beast  |       |       |     9 ||     9
Evoke: Wand              |       |       |     1 ||     1
  Use: Potion            |     2 |     6 |    10 ||    18
       Scroll            |       |       |     7 ||     7
 Stab: Sleeping          |     5 |     2 |       ||     7
       Distracted        |       |     1 |     1 ||     2
Armor: Robe              |    23 |     7 |     7 ||    37
Dodge: Dodged            |    72 |    31 |    46 ||   149
       Rpst.: Long sword |       |       |    10 ||    10
